 Dungeon Crawl Stone Soup version 0.15-a0-1174-g8389a64 (webtiles) character file.

4283 PolkaDot the Geomancer (level 10, -2/63 HPs)
             Began as a Vampire Earth Elementalist on May 31, 2014.
             Was a High Priest of Sif Muna.
             Slain by a hill giant
             ... wielding a +0,+0 giant spiked club
              (21 damage)
             ... on Level 8 of the Dungeon.
             The game lasted 00:52:55 (8000 turns).

PolkaDot the Geomancer (Vampire Earth Elementalist) Turns: 8000, Time: 00:52:55

HP  -2/63        AC 18     Str  6      XL: 10   Next: 10%
MP  15/22        EV 10     Int 19      God: Sif Muna [*****.]
Gold 113         SH  2     Dex 15      Spells:  6 memorised,  1 level left

rFire  + + .     SeeInvis +     a - +0,+2 cutlass (chaos)
rCold  + + .     Clarity  .     y - +2 leather armour {rN+}
rNeg   + + +     rCorr    .     (no shield)
rPois  +         rRot     +     u - +1 hat
rElec  .         Spirit   .     g - +0 cloak
SustAb .         Warding  .     c - +2 pair of gloves of Fun {Str-1 Acc+4}
rMut   .         Stasis   .     G - +2 pair of boots {Stlth+}
Gourm  .                        (no amulet)
MR     +....                    f - ring of poison resistance
                                v - +3 ring of protection

@: regenerating slowly, somewhat resistant to hostile enchantments, stealthy
A: bottle blood, fangs 3, large bone plates 1, see invisible, fire resistance 2,
screaming 1, unbreathing
a: Bat Form, Bottle Blood, Channel Energy, Forget Spell, Renounce Religion


You were on level 8 of the Dungeon.
You worshipped Sif Muna.
Sif Muna was extremely pleased with you.
You were near bloodless.

You visited 1 branch of the dungeon, and saw 9 of its levels.

You collected 472 gold pieces.
You spent 359 gold pieces at shops.

Inventory:

Hand weapons
 a - a +0,+2 cutlass of chaos (weapon)
Missiles
 D - a stone (quivered)
Armour
 c - the +2 pair of gloves of Fun (worn) {Str-1 Acc+4}
   (You bought it in a shop on level 6 of the Dungeon)

   It affects your strength (-1).
   It affects your accuracy with ranged weapons and melee attacks (+4).
 g - a +0 cloak (worn)
 u - a +1 hat (worn)
 y - a +2 leather armour of positive energy (worn)
 G - a +2 pair of boots of stealth (worn)
Magical devices
 p - a wand of random effects (14)
 t - a wand of paralysis (14)
 A - a wand of paralysis (8)
Scrolls
 b - a scroll of vulnerability {unknown}
 d - a scroll of blinking
 i - 6 scrolls of teleportation
 k - a scroll of enchant armour {unknown}
 n - a scroll of amnesia {unknown}
 C - a scroll of immolation {unknown}
 F - 2 scrolls of enchant weapon I {unknown}
Jewellery
 f - a ring of poison resistance (right hand)
 v - a +3 ring of protection (left hand)
 E - an uncursed ring of sustain abilities {unknown}
Potions
 e - a potion of resistance
 h - a potion of cure mutation {!q}
 j - a potion of lignification
 l - 2 potions of agility
 m - 2 potions of flight
 o - 6 potions of heal wounds
 q - a potion of haste
 r - 4 potions of might
 w - 2 potions of brilliance {unknown}
 x - a potion of poison {unknown}
 B - a potion of paralysis {unknown}
 H - 2 potions of curing
Books
 s - a Grand Grimoire {highlevel, unknown}

   This book is beyond your current level of understanding.

   Spells                             Type                      Level
   Aura of Abjuration                 Summoning                    6
   Forceful Dismissal                 Summoning                    6
   Haunt                              Necromancy/Summoning         7
   Summon Greater Demon               Summoning                    7
   Malign Gateway                     Summoning/Translocation      7
   Summon Horrible Things             Summoning                    8
 z - a book of Geomancy

   Spells                             Type                      Level
   *Sandblast                         Earth                        1
   *Stoneskin                         Transmutation/Earth          2
   *Passwall                          Transmutation/Earth          3
   *Stone Arrow                       Conjuration/Earth            3
   *Petrify                           Transmutation/Earth          4
   *Lee's Rapid Deconstruction        Earth                        5
 I - a book of Spatial Translocations

   Spells                             Type                      Level
   Apportation                        Translocation                1
   Blink                              Translocation                2
   Shroud of Golubria                 Charms/Translocation         2
   Portal Projectile                  Translocation                3
   Teleport Other                     Translocation                3
   Passage of Golubria                Translocation                4


   Skills:
 - Level 1.5 Short Blades
 - Level 2.1 Dodging
 - Level 4.3 Stealth
 - Level 5.1 Spellcasting
 + Level 6.6 Transmutations
 * Level 12.1 Earth Magic


You had one spell level left.
You knew the following spells:

 Your Spells              Type           Power        Failure   Level  Hunger
a - Sandblast             Erth           ######       1%          1    None
p - Passwall              Trmt/Erth      #####.....   1%          3    ###....
s - Stoneskin             Trmt/Erth      #####.....   1%          2    None
x - Lee's Rapid Deconstr  Erth           ######....   2%          5    #####..
z - Stone Arrow           Conj/Erth      ####..       3%          3    ###....
P - Petrify               Trmt/Erth      #####...     2%          4    ####...


Dungeon Overview and Level Annotations

Branches:
Dungeon (9/15)             Temple (0/1) D:4
    Orc: D:9-12        Lair: D:8-11

Altars:
Cheibriados
Makhleb
Sif Muna
Trog
Yredelemnul
Zin

Shops:
D:6 [![

Annotations:
D:9 Joseph


Innate Abilities, Weirdness & Mutations

You heal slowly.
You can bottle blood from corpses.
You have razor-sharp teeth.*
You have supernaturally acute eyesight.
You can survive without breathing.*
You are partially covered in large bone plates (AC +2, SH +2).*
Your flesh is very heat resistant.*
You occasionally shout uncontrollably at your foes.


Message History

Press: ? - help, Shift-Dir - straight line, f/p - hill giant
Aim: a hill giant, wielding a giant spiked club (severely wounded)
The stone arrow hits the hill giant.
The hill giant is almost dead.
* * * LOW MAGIC WARNING * * *
Use which ability? (? or * to list)
You channel some magical energy.
Use which ability? (? or * to list)
You channel some magical energy.
Use which ability? (? or * to list)
You fail to use your ability.
The hill giant barely misses you.
Use which ability? (? or * to list)
You channel some magical energy.
The hill giant hits you with a giant spiked club!!
Use which ability? (? or * to list)
You channel some magical energy.
Use which ability? (? or * to list)
You channel some magical energy.
The hill giant hits you with a giant spiked club!!
You die...

#################################
.................................
......(..........................
.................................
...............C@................
.........................).......
.................................
.................................
.................................
.................................
.########.......#######)#########
.# #.......# #.)# .# #.......#
##.#


You could see a hill giant.

Vanquished Creatures
  A deep elf mage (D:8)
  The ghost of l0ser140 the Cutter, an average KoEn (D:5)
  A yak (D:8)
  A hippogriff (D:8)
  A hungry ghost (D:7)
  Edmund (D:9)
  Menkaure (D:6)
  2 sky beasts
  3 ogres
  3 ice beasts
  3 phantoms
  2 centaurs
  2 black bears
  An orc warrior (D:7)
  4 lava worms (D:9)
  2 big kobolds (D:7)
  Blork the orc (D:7)
  3 giant frogs
  3 scorpions
  A crimson imp (D:5)
  A lava snake (D:9)
  A centaur zombie (D:8)
  3 orc priests (D:5)
  6 orc wizards
  An iguana (D:6)
  A quasit (D:5)
  4 hounds
  10 worker ants
  A killer bee zombie (D:6)
  Jessica (D:2)
  3 gnolls (D:8)
  9 adders
  A goliath beetle zombie (D:6)
  5 worms
  An iguana zombie (D:7)
  10 giant geckos
  3 oozes
  17 orcs
  9 bats
  2 bat skeletons
  13 goblins
  14 hobgoblins
  3 ball pythons
  5 giant cockroaches
  13 giant newts
  3 jackals (D:8)
  28 kobolds
  An orc skeleton (D:7)
  2 orc zombies (D:8)
  4 quokkas
  15 rats
  A rat skeleton (D:6)
  A rat zombie (D:8)
229 creatures vanquished.

Vanquished Creatures (others)
  A plant (D:6)
1 creature vanquished.

Grand Total: 230 creatures vanquished

Notes
Turn   | Place    | Note
--------------------------------------------------------------
     0 | D:1      | PolkaDot, the Vampire Earth Elementalist, began the quest for the Orb.
     0 | D:1      | Reached XP level 1. HP: 13/13 MP: 3/3
   249 | D:1      | Reached XP level 2. HP: 17/19 MP: 4/4
  1095 | D:2      | Reached XP level 3. HP: 13/24 MP: 3/6
  1481 | D:2      | Noticed Jessica
  1492 | D:2      | Killed Jessica
  1492 | D:2      | Reached skill level 1 in Short Blades
  1492 | D:2      | Reached skill level 4 in Earth Magic
  1492 | D:2      | Reached XP level 4. HP: 26/30 MP: 8/8
  1560 | D:2      | Learned a level 3 spell: Passwall
  1565 | D:2      | Learned a level 4 spell: Petrify
  2072 | D:3      | Found a basalt altar of Yredelemnul.
  2645 | D:4      | Found a deep blue altar of Sif Muna.
  2875 | D:4      | Found a staircase to the Ecumenical Temple.
  2920 | D:4      | Became a worshipper of Sif Muna the Loreminder
  2940 | D:4      | Found a burning altar of Makhleb.
  3019 | D:4      | Reached XP level 5. HP: 33/35 MP: 3/9
  3357 | D:4      | Found a bloodstained altar of Trog.
  3466 | D:4      | Found a glowing silver altar of Zin.
  3686 | D:5      | Entered Level 5 of the Dungeon
  3686 | D:5      | Noticed a phantom
  3703 | D:5      | Killed a phantom
  3703 | D:5      | Reached skill level 5 in Earth Magic
  3703 | D:5      | Reached XP level 6. HP: 38/41 MP: 2/11
  3832 | D:5      | Noticed l0ser140's ghost (average KoEn)
  3835 | D:5      | Learned a level 2 spell: Stoneskin
  3842 | D:5      | Killed l0ser140's ghost
  3842 | D:5      | Acquired Sif Muna's first power
  3842 | D:5      | Reached skill level 6 in Earth Magic
  3852 | D:5      | Noticed a centaur
  3865 | D:5      | Killed a centaur
  3865 | D:5      | Reached XP level 7. HP: 39/46 MP: 1/12
  3884 | D:5      | Noticed a sky beast
  3900 | D:5      | Killed a sky beast
  3920 | D:5      | Noticed an ogre
  3928 | D:5      | Killed an ogre
  3928 | D:5      | Reached skill level 7 in Earth Magic
  4084 | D:5      | Acquired Sif Muna's second power
  4133 | D:5      | Reached skill level 5 in Transmutations
  4244 | D:5      | Noticed an ogre
  4251 | D:5      | Killed an ogre
  4255 | D:5      | Reached XP level 8. HP: 52/52 MP: 8/14
  4428 | D:5      | Noticed a phantom
  4432 | D:5      | Killed a phantom
  4432 | D:5      | Reached skill level 8 in Earth Magic
  4666 | D:5      | Gained mutation: Your flesh is heat resistant. [potion of mutation]
  4666 | D:5      | Gained mutation: You are surrounded by a mild repulsion field (EV +2). [potion of mutation]
  4666 | D:5      | Lost mutation: You are surrounded by a mild repulsion field (EV +2). [potion of mutation]
  4667 | D:5      | Gained mutation: Your flesh is very heat resistant. [potion of mutation]
  4667 | D:5      | Gained mutation: You occasionally shout uncontrollably at your foes. [potion of mutation]
  4667 | D:5      | Gained mutation: You are partially covered in large bone plates (AC +2, SH +2). [potion of mutation]
  4936 | D:6      | Found Voeciexetz's Antique Armour Boutique.
  4945 | D:6      | Bought a pair of encrusted gloves for 256 gold pieces
  4948 | D:6      | Identified the +2 pair of gloves of Fun {Str-1 Acc+4} (You bought it in a shop on level 6 of the Dungeon)
  5092 | D:6      | Noticed Menkaure
  5107 | D:6      | Killed Menkaure
  5117 | D:6      | Reached skill level 9 in Earth Magic
  5317 | D:6      | Found Epemuecacs' Distillery.
  5451 | D:6      | Found Xakicko's Antique Armour Boutique.
  5851 | D:7      | Noticed Blork the orc
  5855 | D:7      | Killed Blork the orc
  5886 | D:7      | Reached XP level 9. HP: 54/57 MP: 10/18
  6026 | D:7      | Reached skill level 10 in Earth Magic
  6109 | D:6      | Bought a pair of runed boots for 103 gold pieces
  6390 | D:7      | Acquired Sif Muna's third power
  6402 | D:7      | Learned a level 5 spell: Lee's Rapid Deconstruction
  6611 | D:7      | Found a snail-covered altar of Cheibriados.
  6742 | D:8      | Reached skill level 5 in Spellcasting
  6754 | D:8      | Learned a level 3 spell: Stone Arrow
  6784 | D:8      | Reached skill level 11 in Earth Magic
  6796 | D:8      | Got an ancient crystal plate armour
  7471 | D:9      | Noticed Edmund
  7480 | D:9      | Killed Edmund
  7493 | D:9      | Reached XP level 10. HP: 60/63 MP: 0/22
  7624 | D:9      | Reached skill level 12 in Earth Magic
  7875 | D:9      | Noticed a hill giant
  7888 | D:9      | Noticed Joseph
  8000 | D:8      | Slain by a hill giant

Action                   |  1- 3 |  4- 6 |  7- 9 | 10-12 || total
-------------------------+-------+-------+-------+-------++-------
Melee: Short sword       |    57 |       |       |       ||    57
       Cutlass           |    27 |   128 |   159 |     1 ||   315
Throw: Stone             |       |     1 |       |       ||     1
 Cast: Sandblast         |    16 |    48 |   163 |       ||   227
       Stoneskin         |       |     1 |     3 |       ||     4
       Petrify           |       |       |     8 |    10 ||    18
       Stone Arrow       |       |       |    23 |    17 ||    40
       Lee's Rapid Decon |       |       |    16 |     8 ||    24
Invok: Channel Energy    |       |       |    75 |    40 ||   115
 Abil: Bottle Blood      |       |       |    14 |       ||    14
Evoke: Wand              |       |       |     3 |       ||     3
  Use: Scroll            |     3 |     4 |    13 |       ||    20
       Potion            |       |     1 |    25 |       ||    26
 Stab: Sleeping          |     1 |     6 |     1 |       ||     8
       Paralysed         |       |       |     6 |       ||     6
       Petrified         |       |       |     7 |       ||     7
       Petrifying        |       |       |     6 |       ||     6
